 Dungeon Crawl Stone Soup version 0.20.1-1-g8b1a95d (webtiles) character file.

205 Folque the Magician (level 5, -4/41 HPs)
             Began as a Barachi Skald on Nov 2, 2017.
             Was a Follower of Yredelemnul.
             Slain by an orc priest
             ... wielding a +0 war axe
              (7 damage)
             ... on level 3 of the Dungeon.
             The game lasted 00:15:33 (3066 turns).

Folque the Magician (Barachi Skald)                 Turns: 3066, Time: 00:15:35

Health: -4/41      AC:  4    Str: 13    XL:     5   Next: 83%
Magic:  8/12       EV: 12    Int: 13    God:    Yredelemnul [*.....]
Gold:   229        SH:  0    Dex: 12    Spells: 8/13 levels left

rFire    + . .     SeeInvis .   a - +1 falchion
rCold    . . .     Gourm    .   (no shield)
rNeg     . . .     Faith    .   g - +1 robe {Archmagi}
rPois    .         Spirit   .   (no helmet)
rElec    .         Reflect  .   (no cloak)
rCorr    .         Harm     .   (no gloves)
MR       .....                  m - +0 pair of boots
Stlth    +.........             (no amulet)
Regen    0.2/turn               w - ring of protection from fire
MPRegen  0.2/turn               (no ring)

@: singing, slow
A: +LOS, swims, slowness 1, strong legs 1
a: Hop, Animate Remains, Renounce Religion


You were on level 3 of the Dungeon.
You worshipped Yredelemnul.
Yredelemnul was aware of your devotion.
You were hungry.

You visited 1 branch of the dungeon, and saw 3 of its levels.

You collected 229 gold pieces.

Inventory:

Hand Weapons
 a - a +1 falchion (weapon)
 p - a +0 short sword
 s - a +0 blowgun
Missiles
 q - 6 poisoned needles
Armour
 b - a +0 leather armour
 g - a +1 robe of the Archmagi (worn)
 k - a +3 leather armour of positive energy
 m - a +0 pair of boots (worn)
Jewellery
 w - a ring of protection from fire (left hand)
Wands
 v - a wand of lightning (6/15)
Scrolls
 e - a scroll of fear {unknown}
 f - a scroll of fog {unknown}
 j - 2 scrolls of remove curse
 n - 4 scrolls of recharging {unknown}
 o - 2 scrolls of magic mapping
 t - 2 scrolls of identify
Potions
 i - 2 potions of haste {unknown}
 r - a potion of might {unknown}
 z - a potion of brilliance
Books
 c - a book of Battle

   Spells                             Type                      Level
   a - Infusion                       Charms                       1
   b - Shroud of Golubria             Charms/Translocation         2
   c - Song of Slaying                Charms                       2
   d - Spectral Weapon                Hexes/Charms                 3
   e - Regeneration                   Charms/Necromancy            3
 x - a book of Changes

   Spells                             Type                      Level
   a - Beastly Appendage              Transmutation                1
   b - Sticks to Snakes               Transmutation                2
   c - Spider Form                    Transmutation/Poison         3
   d - Ice Form                       Ice/Transmutation            4
   e - Blade Hands                    Transmutation                5
Comestibles
 d - 3 bread rations
 h - 2 meat rations
 l - a royal jelly
 u - 3 chunks of flesh


   Skills:
 - Level 3.1 Fighting
 - Level 2.4 Long Blades
 - Level 1.2 Armour
 - Level 2.1 Dodging
 * Level 4.7 Spellcasting
 + Level 4.6 Charms
 + Level 0.9 Translocations


You had 8 spell levels left.
You knew the following spells:

 Your Spells              Type           Power        Failure   Level  Hunger
a - Infusion              Chrm           ###.         3%          1    None
b - Shroud of Golubria    Chrm/Tloc      ###.......   10%         2    ##.....
c - Song of Slaying       Chrm           ###.....     4%          2    ##.....


Dungeon Overview and Level Annotations

Branches:
Dungeon (3/15)

Altars:
Fedhas
Kikubaaqudgha
Yredelemnul
Zin
Beogh

Shops:
D:2 *


Innate Abilities, Weirdness & Mutations

Shadows flee at your approach. (+LOS)
You can swim through water.
You cover ground slowly.
You can hop short distances.


Message History

The orc priest is moderately wounded.
You hit the orc priest.
The orc priest is heavily wounded.
The orc priest barely misses you.
You barely miss the orc priest.
The orc priest is heavily wounded.
You hear a shout!
The orc priest casts a cantrip, but nothing happens.
The orc priest begins to cast a cantrip, but forgets the words!
You hit the orc priest.
The orc priest is heavily wounded.
The orc priest barely misses you.
You hit the orc priest.
The orc priest is almost dead.
The orc priest mumbles some strange prayers to Beogh against you.
Beogh smites you!
* * * LOW HITPOINT WARNING * * *
The orc priest hits you with a war axe!
You die...
Your body rises from the dead as a mindless zombie.

## .####### .......##
........###############
...###.........o@.....#
...###..######o######.#######
[..........##.. #..........#
.#.###..####.8. #.......##.#
.#......# #..{ ####.##.#
.#..##..####$8. #.##.#
.#.........##$o #.##.#
.##)##..########## ##.##.##.#
.#...#..# #.#.###..##.##.#


You could see 2 orc priests.

Vanquished Creatures
  An orc wizard (D:2)
  An orc priest (D:2)
  Jessica (D:2)
  Robin (D:2)
  3 adders
  A worm (D:2)
  A dart slug (D:1)
  8 orcs
  3 bats
  6 giant cockroaches
  18 goblins
  10 hobgoblins
  4 frilled lizards
  2 kobolds
  9 rats
69 creatures vanquished.

Notes
Turn   | Place    | Note
-------+----------+-------------------------------------------
     0 | D:1      | Folque the Barachi Skald began the quest for the Orb.
     0 | D:1      | Reached XP level 1. HP: 17/17 MP: 3/3
   145 | D:1      | Reached XP level 2. HP: 24/24 MP: 5/5
   153 | D:1      | Learned a level 2 spell: Shroud of Golubria
   156 | D:1      | Learned a level 2 spell: Song of Slaying
   768 | D:2      | Found a blossoming altar of Fedhas.
   773 | D:2      | Found an ancient bone altar of Kikubaaqudgha.
   797 | D:2      | Noticed Jessica
   814 | D:2      | Killed Jessica
   814 | D:2      | Reached XP level 3. HP: 12/29 MP: 0/7
  1029 | D:2      | Found a basalt altar of Yredelemnul.
  1101 | D:2      | Found Zin's Purification Station.
  1101 | D:2      | Found a glowing silver altar of Zin.
  1344 | D:2      | Reached XP level 4. HP: 35/35 MP: 4/9
  1350 | D:2      | Noticed Robin
  1374 | D:2      | Killed Robin
  1526 | D:2      | Became a worshipper of Yredelemnul the Dark
  1919 | D:2      | Reached XP level 5. HP: 25/41 MP: 2/11
  2840 | D:3      | Reached * piety under Yredelemnul
  3051 | D:3      | Found a roughly hewn altar of Beogh.
  3066 | D:3      | Slain by an orc priest

Skill      XL: |  1  2  3  4 |
---------------+-------------+-----
Fighting       | 3 |  3.1
Spellcasting   | 3 4 |  4.7
Charms         | 4 |  4.6
Long Blades    | |  2.4
Armour         | |  1.2
Dodging        | |  2.1
Translocations | |  0.9

Action                   |  1- 3 |  4- 6 || total
-------------------------+-------+-------++-------
Melee: Falchion          |    78 |   132 ||   210
 Cast: Infusion          |     3 |     2 ||     5
       Shroud of Golubri |     2 |    14 ||    16
       Song of Slaying   |     1 |     7 ||     8
  Use: Scroll            |     6 |       ||     6
       Potion            |       |     5 ||     5
 Stab: Sleeping          |     1 |       ||     1
  Eat: Chunk             |     2 |     7 ||     9
Armor: Leather armour    |    15 |    31 ||    46
       Robe              |       |    19 ||    19
Dodge: Dodged            |    48 |   141 ||   189
       Rpst.: Falchion   |    17 |    46 ||    63
